 Dungeon Crawl Stone Soup version 0.30-a0-782-ge64f9170bb (webtiles) character file.

Game seed: 15832760530124033983

7476 DEFE the Martial Artist (level 10, -5/76 HPs)
             Began as a Demonspawn Wanderer on Feb 21, 2023.
             Slain by a two-headed ogre
             ... wielding a +0 giant club
              (13 damage)
             ... on level 9 of the Dungeon.
             The game lasted 00:08:04 (11093 turns).

DEFE the Martial Artist (Demonspawn Wanderer)      Turns: 11093, Time: 00:08:05

Health: -5/76      AC: 13    Str: 14    XL:     10   Next: 94%
Magic:  11/11      EV:  3    Int: 19    God:
Gold:   419        SH:  0    Dex: 16    Spells: 10/11 levels left

rFire   . . .      SeeInvis .      - Unarmed
rCold   + . .      Faith    .    (no shield)
rNeg    . . .      Spirit   .    E - +0 plate armour
rPois   .          Reflect  .    (no helmet)
rElec   .          Harm     .    k - +0 cloak
rCorr   .          Rampage  .    (gloves unavailable)
Will    .....                    a - +0 pair of boots Stlth
                                 (no amulet)
HPRegen 0.32/turn                h - +6 ring of intelligence
MPRegen 0.12/turn                v - ring of protection from cold

@: no status effects
A: rugged brown scales 1, foul stench 2, demonic magic 1, demonic touch 3
a: no special abilities


You were on level 9 of the Dungeon.
You visited 2 branches of the dungeon, and saw 10 of its levels.

You collected 419 gold pieces.

Inventory:

Armour
 a - a +0 pair of boots (worn)
 d - a +0 robe
 k - a +0 cloak (worn)
 m - a +0 ring mail
 A - a +0 chain mail
 E - a +0 plate armour (worn)
Jewellery
 h - a +6 ring of intelligence (left hand)
 v - a ring of protection from cold (right hand)
Wands
 C - a wand of flame (28)
Scrolls
 g - 3 scrolls of vulnerability
 l - 3 scrolls of magic mapping
 n - 2 scrolls of noise
 o - 5 scrolls of teleportation
 q - a scroll of poison
 s - 3 scrolls of fog
 u - a scroll of amnesia {unknown}
 x - 3 scrolls of enchant armour {unknown}
 y - 3 scrolls of blinking {unknown}
 D - 3 scrolls of brand weapon {unknown}
 G - 4 scrolls of identify
 H - a scroll of enchant weapon {unknown}
Potions
 c - a potion of attraction
 e - a potion of haste
 f - 2 potions of might {unknown}
 i - 2 potions of heal wounds
 j - a potion of magic {unknown}
 p - 4 potions of curing {unknown}
 r - 4 potions of flight {unknown}
 t - a potion of mutation {unknown}
 w - 3 potions of ambrosia {unknown}
 z - a potion of degeneration {unknown}
 B - a potion of lignification {unknown}
 F - 2 potions of brilliance {unknown}
Miscellaneous
 b - a piece from Xom's chessboard (15/15)


   Skills:
 + Level 5.1 Fighting
 - Level 1.0 Armour
 - Level 1.0 Stealth
 - Level 3.6 Shields
 + Level 14.4 Unarmed Combat
 - Level 1.0 Spellcasting
 - Level 2.0 Conjurations
 - Level 1.0 Evocations


You had 10 spell levels left.
You knew the following spells:

 Your Spells              Type           Power      Damage    Failure   Level
a - Shock                 Conj/Air       16%        1d4       100%        1

Your spell library contained the following spells:

 Spells                   Type           Power      Damage    Failure   Level
 Ensorcelled Hibernation  Hex/Ice        0%         N/A       100%        2
 Passwall                 Tmut/Erth      0%         N/A       100%        2
 Dazzling Flash           Conj/Hex       8%         N/A       100%        3
 Mephitic Cloud           Conj/Pois/Air  3%         N/A       100%        3
 Swiftness                Air            0%         N/A       100%        3
 Tukima's Dance           Hex            0%         N/A       100%        3
 Animate Dead             Necr           0%         N/A       100%        4
 Iskenderun's Mystic Bla  Conj/Tloc      4%         2d3       100%        4
 Passage of Golubria      Tloc           0%         N/A       100%        4
 Borgnjor's Vile Clutch   Necr/Erth      0%         N/A       100%        5
 Yara's Violent Unravell  Hex/Tmut       0%         3d3       100%        5
 Death Channel            Necr           0%         N/A       100%        6
 Starburst                Conj/Fire      2%         6d3       100%        6


Dungeon Overview and Level Annotations

Branches:
Dungeon (9/15)             Temple (1/1) D:6
   Lair: D:8-11         Orc: D:9-12

Altars:
Ashenzari
Dithmenos
Fedhas
Gozag
Hepliaklqana
Kikubaaqudgha
Makhleb
Okawaru
Qazlal
Ru
Sif Muna
Trog
Uskayaw
Vehumet
Wu Jian
Xom
Yredelemnul

Shops:
D:1 (   D:6 *

Portals:
Abyss: D:5

Annotations:
D:5 2 transporters, Mudhenn's ghost, novice TrFi
D:8 2 transporters, exclusion: ice statue, hackon's ghost, novice OgMo


Innate Abilities, Weirdness & Mutations

You are partially covered in rugged brown scales. (AC +1, +3% HP)
You sometimes emit foul miasma when damaged in melee.
Spells you cast may paralyse adjacent enemies.
Your touch may irresistibly damage your foes and sap their willpower.


Message History

You are more poisoned.
The killer bee poisons you!
You take 6 damage, and have 31/76 hp.
You punch the killer bee!
You kill the killer bee!
You feel very sick.
You take 3 damage, and have 28/76 hp.
You feel sick.
Things that are here:
a +0 mace; a +0 chain mail; a killer bee corpse You take 2 damage, and have 26/76 hp.
Unknown command.
A yak is nearby!
You feel sick.
You take 1 damage, and have 25/76 hp.
You feel sick.
You take 2 damage, and have 23/76 hp.
You feel sick.
You take 1 damage, and have 22/76 hp.
You punch the yak!
You touch the yak!!
You sap its willpower!
You feel sick. The yak gores you but does no damage.
You barely miss the yak. You punch the yak.
You feel sick. The yak gores you but does no damage.
You take 1 damage, and have 21/76 hp.
You hit the yak.
You feel sick. The yak gores you but does no damage.
You take 1 damage, and have 20/76 hp.
You punch the yak!
You kill the yak!
A two-headed ogre comes into view. It is wielding two +0 giant clubs.
You punch the two-headed ogre!
You touch the two-headed ogre!
You sap its willpower!
You feel sick.
You take 1 damage, and have 19/76 hp.
Unknown command.
You hit the two-headed ogre. Your touch misses the two-headed ogre.
You feel sick.
You are no longer poisoned.
The two-headed ogre hits you with a +0 giant club!
* * * LOW HITPOINT WARNING * * *
The two-headed ogre hits you with a +0 giant club!
You die...

#..# #.#. #..# #.#. .#..#
#.#) . #.#..# #.#. #y#..#..#
..#. .#.# #..#####) .Y.
#..#))).. ######## ####.##
#..))#### ##..##..####@#...#
#......## #.##..##..#..O#.#
#........ ##..##..####.#)#.#
#..#....# #.##..##..#.#.....#
#..#.#...
##..##..##...#.#.#..#..#.#.##
#.##.)##..#.#.....# #..#.#.#
##..##†)####.#.#.#.##..#.#.##
#.##.†##..# ..#.#...#..#.#...
##..##).### .#...#.##..#.#.##


You could see a two-headed ogre (weak-willed).

Vanquished Creatures
  A two-headed ogre (D:9)
  An ugly thing (D:9)
  A tengu conjurer (D:9)
  2 trolls (D:9)
  5 yaks (D:9)
  A wraith (D:9)
  A wyvern (D:9)
  Eustachio (D:4)
  Menkaure (D:5)
  Edmund (D:5)
  7 water moccasins
  A black bear (D:6)
  An ice beast (D:7)
  5 orc warriors
  A sky beast (D:6)
  2 ogres
  2 centaurs (D:8)
  A phantom (D:5)
  2 kobold brigands
  5 bullfrogs
  Blork the orc (D:6)
  3 scorpions
  A necrophage (D:3)
  5 wights
  4 killer bees
  3 howler monkeys
  4 jellies
  4 hounds
  3 gnoll boudas
  7 orc priests
  7 orc wizards
  Ijyb (D:5)
  5 iguanas
  13 gnolls
  11 adders
  A shadow imp (D:6)
  A white imp (D:6)
  2 ufetubi (D:4)
  5 worms
  2 dart slugs (D:1)
  32 orcs
  4 bats
  5 endoplasms
  A giant cockroach (D:4)
  9 goblins
  7 hobgoblins
  11 jackals
  3 quokkas
  10 ball pythons
  5 frilled lizards
  15 kobolds
  5 rats
232 creatures vanquished.

Notes
Turn   | Place    | Note
-------+----------+-------------------------------------------
     0 | D:1      | DEFE the Demonspawn Wanderer began the quest for the Orb.
     0 | D:1      | DEFE set off with the following items: a +0 dagger, a piece
                  | from Xom's chessboard (15/15), a potion of attraction, a +0
                  | robe, a +2 buckler; and the following spell memorised:
                  | Shock; and the following spells available to memorise:
                  | Mephitic Cloud.
     0 | D:1      | Reached XP level 1. HP: 13/13 MP: 2/2
   146 | D:1      | Reached skill level 1 in Fighting
   248 | D:1      | Found a faded altar of an unknown god.
   304 | D:1      | Gained mutation: Your touch may inflict minor irresistible
                  | damage on your foes. [demonic ancestry]
   304 | D:1      | Reached XP level 2. HP: 20/22 MP: 3/3
   435 | D:1      | Reached skill level 1 in Unarmed Combat
   705 | D:1      | Found Zeojix's Weapon Emporium.
   790 | D:1      | Gained mutation: Your touch may inflict irresistible damage
                  | on your foes. [demonic ancestry]
   790 | D:1      | Reached XP level 3. HP: 12/27 MP: 4/4
  1156 | D:1      | Reached skill level 2 in Unarmed Combat
  1771 | D:2      | Reached XP level 4. HP: 33/33 MP: 5/5
  1845 | D:2      | Reached skill level 3 in Unarmed Combat
  2554 | D:3      | Reached XP level 5. HP: 38/38 MP: 6/6
  2764 | D:3      | Reached skill level 4 in Unarmed Combat
  3263 | D:4      | Reached skill level 5 in Unarmed Combat
  3263 | D:4      | Gained mutation: You are partially covered in rugged brown
                  | scales. (AC +1, +3% HP) [demonic ancestry]
  3263 | D:4      | Reached XP level 6. HP: 20/45 MP: 7/7
  4215 | D:4      | Found a bloodstained altar of Trog.
  4220 | D:4      | Reached skill level 6 in Unarmed Combat
  4252 | D:5      | Entered Level 5 of the Dungeon
  4252 | D:5      | Noticed Eustachio
  4263 | D:4      | Killed Eustachio
  4264 | D:4      | Gained mutation: Spells you cast may paralyse adjacent
                  | enemies. [demonic ancestry]
  4264 | D:4      | Reached XP level 7. HP: 43/50 MP: 8/8
  4287 | D:5      | Reached skill level 7 in Unarmed Combat
  4403 | D:5      | Found a transporter.
  4420 | D:5      | Found a transporter.
  4429 | D:5      | Noticed Mudhenn's ghost (novice TrFi)
  4707 | D:5      | Reached skill level 8 in Unarmed Combat
  4906 | D:5      | Found a shadowy altar of Dithmenos.
  4921 | D:5      | Noticed Ijyb
  4922 | D:5      | Found an ornate altar of the Wu Jian Council.
  4930 | D:5      | Killed Ijyb
  4931 | D:5      | Gained mutation: Your touch may irresistibly damage your
                  | foes and sap their willpower. [demonic ancestry]
  4931 | D:5      | Reached XP level 8. HP: 54/56 MP: 9/9
  5006 | D:5      | Found a blossoming altar of Fedhas.
  5014 | D:5      | Found a shimmering blue altar of Sif Muna.
  5016 | D:5      | Found a burning altar of Makhleb.
  5023 | D:5      | Noticed Menkaure
  5030 | D:5      | Killed Menkaure
  5186 | D:5      | Noticed Edmund
  5198 | D:5      | Killed Edmund
  5199 | D:5      | Reached skill level 9 in Unarmed Combat
  5284 | D:5      | Found a one-way gate to the infinite horrors of the Abyss.
  5313 | D:5      | Found a sacrificial altar of Ru.
  6135 | D:6      | Reached skill level 10 in Unarmed Combat
  6326 | D:6      | Noticed Blork the orc
  6335 | D:6      | Killed Blork the orc
  6363 | D:6      | Gained mutation: You may rarely emit foul miasma when
                  | damaged in melee. [demonic ancestry]
  6363 | D:6      | Reached XP level 9. HP: 33/62 MP: 10/10
  6540 | D:6      | Found Uninekk's Serpentskin Sales.
  6651 | D:6      | Reached skill level 11 in Unarmed Combat
  6803 | D:6      | Found a staircase to the Ecumenical Temple.
  6809 | Temple   | Entered the Ecumenical Temple
  8224 | D:7      | Reached skill level 12 in Unarmed Combat
  8802 | D:8      | Noticed hackon's ghost (novice OgMo)
  8803 | D:8      | Found a transporter.
  8816 | D:8      | Noticed a meliai
  9169 | D:8      | Gained mutation: You sometimes emit foul miasma when
                  | damaged in melee. [demonic ancestry]
  9169 | D:8      | Reached XP level 10. HP: 67/69 MP: 11/11
  9197 | D:8      | Reached skill level 13 in Unarmed Combat
  9259 | D:8      | Noticed a boulder beetle
  9266 | D:8      | Noticed an ice statue
  9276 | D:8      | Found a transporter.
 10613 | D:9      | Noticed a red ugly thing
 10621 | D:9      | Killed a red ugly thing
 10622 | D:9      | Reached skill level 14 in Unarmed Combat
 10900 | D:9      | Noticed a two-headed ogre
 10904 | D:9      | Killed a two-headed ogre
 11068 | D:9      | Reached skill level 5 in Fighting
 11091 | D:9      | Noticed a two-headed ogre
 11093 | D:9      | Slain by a two-headed ogre

Illustrated notes

Levels and vault maps discovered:
D:1:      lightli_arrival_noodles, layout_loops_corners, basic_ecumenical_altar,
          serial_shops, nicolae_shop_bloodbath_and_beyond
D:2:      layout_rooms
D:3:      layout_basic, nicolae_concentric_dashed_squares_wild
D:4:      layout_basic, marbit_many_paths, grunt_decor_fettered
D:5:      layout_cave_pools, lemuel_round_altar, grunt_temple_overflow_open,
          mainiacjoe_overflow_swirl, gammafunk_ghost_abyssal_escape,
          uniq_menkaure, uniq_eustachio, uniq_ijyb, uniq_edmund
D:6:      layout_rooms, mainiacjoe_overflow_surrounded_room,
          minmay_temple_entry_fiery, guppyfry_shop_venom, uniq_blork_the_orc
D:7:      layout_loops_corners, kennysheep_decorative_pillar,
          minmay_misc_feat_room
D:8:      layout_loops_cross, nzn_ghost_randoct, hangedman_abyss_or_decor_clamps
D:9:      minmay_the_grid_4x2 [minmay_the_grid_outer_diamond,
          minmay_the_grid_square_x, minmay_the_grid_small_cups,
          minmay_the_grid_box_x, minmay_the_grid_stretched_grid,
          minmay_the_grid_diamond_grid, minmay_the_grid_gridbox,
          minmay_the_grid_prize_inner_circle], layout_basic,
          nemelex_diamond_rough_becter
Temple:   hc_temple_tempest_star

Skill      XL: |  1  2  3  4  5  6  7  8  9 10 |
---------------+-------------------------------+-----
Fighting       | 1 5 |  5.1
Unarmed Combat | 1 2 3 5 6 8 10 12 14 | 14.4
Armour         | |  1.0
Stealth        | |  1.0
Shields        | |  3.6
Spellcasting   | |  1.0
Conjurations   | |  2.0
Evocations     | |  1.0

Action                     |  1- 3 |  4- 6 |  7- 9 | 10-12 || total
---------------------------+-------+-------+-------+-------++-------
  Melee: Dagger            |    71 |       |       |       ||    71
         Unarmed           |   123 |   171 |   329 |   144 ||   767
         Touch             |    11 |    41 |    61 |    30 ||   143
         Punch             |       |     3 |    17 |     9 ||    29
    Use: Scroll            |       |     6 |     1 |       ||     7
         Potion            |       |       |     1 |       ||     1
   Stab: Sleeping          |     4 |     1 |       |       ||     5
 Armour: Robe              |    42 |       |       |       ||    42
         Ring mail         |    17 |    59 |       |       ||    76
         Chain mail        |       |     5 |   127 |       ||   132
         Plate armour      |       |       |   131 |    91 ||   222
  Dodge: Dodged            |    81 |    78 |    78 |    11 ||   248
  Block: Buckler           |    48 |       |       |       ||    48

Table legend: (Time is in decaauts)
 A = Elapsed time spent in this place.
 B = Non-inter-level travel time spent in this place.
 C = Inter-level travel time spent in this place.
 D = Time resting spent in this place.
 E = Time spent auto-exploring this place.
 F = Levels seen in this place.
 G = Mean time per level.
                   A        B        C        D        E       F      G
               +--------+--------+--------+--------+--------+-----+--------+
         Total |  11001 |  10781 |    220 |   3406 |   5809 |  10 | 1100.1 |
       Dungeon |  10698 |  10517 |    181 |   3406 |   5559 |   9 | 1188.7 |
        Temple |    303 |    264 |     39 |      0 |    250 |   1 |  303.0 |
               +--------+--------+--------+--------+--------+-----+--------+

Top non-repeatable levels by time:
     D:1: 1452 daAuts
     D:8: 1382 daAuts
     D:9: 1350 daAuts
     D:6: 1282 daAuts
     D:4: 1235 daAuts
     D:7: 1167 daAuts
     D:5: 1114 daAuts
     D:3: 1100 daAuts
     D:2: 611 daAuts
  Temple: 303 daAuts
